 Dungeon Crawl Stone Soup version 0.32-a0-433-g08bcfe7efd (webtiles) character file.

Game seed: 5643418934912763456

23 ezpacito the Trooper (level 2, -1/24 HPs)
             Began as a Demonspawn Chaos Knight on Feb 23, 2024.
             Was a Plaything of Xom.
             Slain by a ribbon worm (5 damage)
             ... on level 2 of the Dungeon.
             The game lasted 00:01:33 (780 turns).

ezpacito the Trooper (Demonspawn Chaos Knight)       Turns: 780, Time: 00:01:34

Health: -1/24      AC:  5    Str: 12    XL:     2   Next: 72%
Magic:  2/2        EV: 11    Int: 12    God:    Xom [..*...]
Gold:   28         SH:  0    Dex: 12    Spells: 1/1 levels left

rFire   . . .        a - +0 hand axe (chaos)
rCold   . . .        (no shield)
rNeg    . . .        b - +2 leather armour
rPois   .            (no helmet)
rElec   .            (no cloak)
rCorr   .            (no gloves)
SInv    .            (no boots)
Will    .....        (no amulet)
Stlth   +            (no ring)
HPRegen 0.24/turn    (no ring)
MPRegen 0.16/turn

%: no passive effects
@: no status effects
A: magic regeneration
a: Renounce Religion


You were on level 2 of the Dungeon.
You worshipped Xom.
You were a toy of Xom.
You visited 1 branch of the dungeon, and saw 2 of its levels.

You collected 28 gold pieces.

Inventory:

Hand Weapons
 a - a +0 hand axe of chaos (weapon)
 f - a +0 war axe
Armour
 b - a +2 leather armour (worn)
Wands
 i - a wand of flame (17)
Scrolls
 c - a scroll of butterflies
 d - a scroll of teleportation {unknown}
 e - a scroll of revelation {unknown}
 g - 3 scrolls of identify {unknown}
 h - a scroll of vulnerability {unknown}


   Skills:
 * Level 3.2 Fighting
 * Level 2.9 Axes
 * Level 2.0 Armour
 * Level 1.2 Dodging
 + Level 0.3 Stealth
 * Level 0.6 Unarmed Combat
 + Level 0.1 Spellcasting
 * Level 0.0 Evocations


You had one spell level left.
You didn't know any spells.
Your spell library was empty.

Dungeon Overview and Level Annotations

Branches:
Dungeon (2/15)

Altars:


Innate Abilities, Weirdness & Mutations

You regenerate magic rapidly.


Message History

The ribbon worm is lightly wounded.
You closely miss the rat. The rat barely misses you.
The ribbon worm closely misses you.
You hit the ribbon worm but do no damage.
You hit the rat.
You kill the rat!
The ribbon worm bites you.
You hit the ribbon worm.
The ribbon worm is duplicated!
The ribbon worm is lightly wounded.
The ribbon worm expels a string of sticky webbing.
The stream of webbing hits you but does no damage.
You are caught in a web!
You are caught in a web!
You are caught in a web!
You are caught in a web!
You struggle to detach yourself from the web.
You struggle to detach yourself from the web.
The ribbon worm bites you but does no damage.
The web tears apart.
An endoplasm comes into view.
The ribbon worm bites you.
The ribbon worm expels a string of sticky webbing.
The stream of webbing hits you but does no damage.
You are caught in a web!
The web tears apart.
The ribbon worm looks more healthy.
The ribbon worm bites you.
* * * LOW HITPOINT WARNING * * *
Unknown command.
You aren't carrying any potions.
Unknown command.
Okay, then.
You hit the ribbon worm. You burn the ribbon worm.
The ribbon worm is lightly wounded.
You hit the ribbon worm but do no damage.
The ribbon worm looks more healthy.
A giant cockroach comes into view.
The ribbon worm bites you.
* * * LOW HITPOINT WARNING * * *
The ribbon worm bites you.
You die...

#.... #...# ## #
#..J# .. .B
######...##.#.#
#)............#
.............#
.......ww...$#
##()@##.###.
##.....#.....
#.......# ##.....##
.########...## ...
..# ##.## ..# #.#
#.# #.###.####.####
#.#...<.......######


You could see 2 ribbon worms, an endoplasm and a giant cockroach (wandering).

Vanquished Creatures
  4 bats
  4 goblins
  4 hobgoblins
  4 kobolds
  A quokka (D:2)
  3 ball pythons
  A frilled lizard (D:1)
  A rat (D:2)
22 creatures vanquished.

Notes
Turn   | Place    | Note
-------+----------+-------------------------------------------
     0 | D:1      | ezpacito the Demonspawn Chaos Knight began the quest for
                  | the Orb.
     0 | D:1      | Reached XP level 1. HP: 18/18 MP: 1/1
    98 | D:1      | Reached skill level 1 in Dodging
   130 | D:1      | Found a faded altar of an unknown god.
   144 | D:1      | XOM: silly message
   188 | D:1      | XOM: silly message
   266 | D:1      | Gained mutation: You regenerate magic rapidly. [demonic
                  | ancestry]
   266 | D:1      | Reached XP level 2. HP: 23/24 MP: 2/2
   701 | D:2      | XOM: silly message
   767 | D:2      | XOM: noise
   780 | D:2      | Slain by a ribbon worm

Illustrated notes

Levels and vault maps discovered:
D:1:      tarquinn_simple_flora_water_e, layout_basic,
          chequers_ecumenical_altar_twisty, minivault_14
D:2:      layout_loops_cross

Skill      XL: |  1  2 |
---------------+-------+-----
Dodging        | 1 |  1.2
Armour         | 2 |  2.0
Fighting       | |  3.2
Axes           | |  2.9
Stealth        | |  0.3
Unarmed Combat | |  0.6
Spellcasting   | |  0.1

Action                     || total
---------------------------++-------
  Melee: Hand axe          ||    82
   Stab: Confused          ||     1
 Armour: Leather armour    ||    65
  Dodge: Dodged            ||    59

Table legend: (Time is in decaauts)
 A = Elapsed time spent in this place.
 B = Non-inter-level travel time spent in this place.
 C = Inter-level travel time spent in this place.
 D = Time resting spent in this place.
 E = Time spent auto-exploring this place.
 F = Levels seen in this place.
 G = Mean time per level.
                   A        B        C        D        E       F      G
               +--------+--------+--------+--------+--------+-----+--------+
         Total |    795 |    719 |     76 |      0 |    543 |   2 |  397.5 |
       Dungeon |    795 |    719 |     76 |      0 |    543 |   2 |  397.5 |
               +--------+--------+--------+--------+--------+-----+--------+

Top non-repeatable levels by time:
     D:1: 615 daAuts
     D:2: 180 daAuts
